 Dungeon Crawl Stone Soup version 0.31-a0-988-g08d55dae12 (webtiles) character file.

Game seed: 17298854163595896310

36 BinkBink the Slasher (level 3, -2/23 HPs)
             Began as a Tengu Berserker on Nov 5, 2023.
             Was a Believer of Trog.
             Slain by a goblin
             ... wielding a +0 dagger
             ... led by Robin
              (3 damage)
             ... on level 2 of the Dungeon.
             The game lasted 00:01:14 (1032 turns).

BinkBink the Slasher (Tengu Berserker)              Turns: 1032, Time: 00:01:15

Health: -2/23      AC:  3    Str: 17    XL:     3   Next: 37%
Magic:  4/4        EV: 12    Int:  7    God:    Trog [**....]
Gold:   51         SH:  5    Dex: 15    Spells: 2/2 levels left

rFire   . . .        a - +0 falchion
rCold   . . .        (no shield)
rNeg    . . .        j - +0 leather armour
rPois   .            (helmet restricted)
rElec   .            (no cloak)
rCorr   .            (no gloves)
SInv    .            (boots unavailable)
Will    .....        f - amulet of reflection
Stlth   +            (no ring)
HPRegen 0.23/turn    (no ring)
MPRegen 0.09/turn

%: reflection, acrobat
@: no status effects
A: beak, talons 3, acrobatic
a: Renounce Religion, Berserk, Trog's Hand


You were on level 2 of the Dungeon.
You worshipped Trog.
Trog was pleased with you.
You visited 1 branch of the dungeon, and saw 2 of its levels.

You collected 51 gold pieces.

Inventory:

Hand Weapons
 a - a +0 falchion (weapon)
Armour
 j - a +0 leather armour (worn)
Jewellery
 f - an amulet of reflection (around neck)
Scrolls
 c - 3 scrolls of silence {unknown}
 d - a scroll of teleportation {unknown}
 g - 3 scrolls of identify {unknown}
 h - a scroll of immolation {unknown}
 i - a scroll of amnesia {unknown}
Potions
 b - a potion of curing {unknown}
 e - a potion of ambrosia {unknown}


   Skills:
 + Level 3.3 Fighting
 + Level 3.7 Long Blades
 + Level 2.8 Armour
 + Level 2.7 Dodging


You had 2 spell levels left.
You didn't know any spells.
Your spell library was empty.

Dungeon Overview and Level Annotations

Branches:
Dungeon (2/15)

Altars:
Qazlal

Annotations:
D:2 Robin


Innate Abilities, Weirdness & Mutations

You have a beak for a mouth.
You have claws for feet.
You can magically evade attacks while moving or waiting.


Message History

You kill the goblin!
Trog accepts your kill. The goblin misses you. You block the goblin's attack.
The goblin completely misses you. The goblin attacks as it pursues you!
The goblin closely misses you.
Things that are here:
a +0 club; the +5 quarterstaff "Vih Tuju" {venom, rElec rF+ Int+5 Dex-2}; a goblin corpse You block the goblin's attack.
You barely miss the goblin. The goblin hits you with a +0 dagger.
Robin throws the goblin at you! You block the goblin's attack.
You miss the goblin. Your kick misses the goblin.
The goblin no longer looks unusually strong.
You block the goblin's attack.
Robin roars a battlecry!
The goblin goes into a battle-frenzy!
The goblin hits you with a +0 club.
You hit the goblin.
The goblin is heavily wounded.
The goblin no longer looks unusually strong.
You block the goblin's attack. The goblin hits you with a +0 club.
* * * LOW HITPOINT WARNING * * *
You hit the goblin but do no damage. You claw the goblin, but do no damage.
You peck the goblin.
You kill the goblin!
Trog accepts your kill.
Robin roars a battlecry!
The goblin goes into a battle-frenzy!
The goblin hits you but does no damage. Robin throws the goblin at you!
The goblin closely misses you.
Things that are here:
a +0 club; a goblin corpse You hit the goblin but do no damage.
Your kick misses the goblin. You peck the goblin.
You kill the goblin!
Trog accepts your kill. You block the goblin's attack. The hobgoblin hits you.
* * * LOW HITPOINT WARNING * * *
The frilled lizard unfolds its giant frill.
The goblin hits you with a +0 dagger.
You die...

...# #.......
...###########......
##...........+......
#.........###......
#.........+.......
#.........##......
#.............###
##.............).#
.#........._..##@###
.#............##ggg##
†#............####gg#
.#...........##
##l### ............##
#g..## ##.........##
#....#### #.########
#.......# #.#
#)....l.# #.#
#.......#


You could see Robin, 3 hobgoblins, 2 goblins and a frilled lizard.

Vanquished Creatures
  A dart slug (D:2)
  3 endoplasms
  3 giant cockroaches (D:1)
  3 hobgoblins (D:1)
  2 jackals (D:1)
  5 kobolds
  3 quokkas (D:1)
  A bat (D:1)
  A frilled lizard (D:1)
  6 goblins
  2 rats (D:1)
30 creatures vanquished.

Notes
Turn   | Place    | Note
-------+----------+-------------------------------------------
     0 | D:1      | BinkBink the Tengu Berserker began the quest for the Orb.
     0 | D:1      | Reached XP level 1. HP: 14/14 MP: 2/2
   167 | D:1      | Reached XP level 2. HP: 17/19 MP: 3/3
   646 | D:1      | Reached XP level 3. HP: 17/23 MP: 4/4
   853 | D:1      | Reached ** piety under Trog
   954 | D:2      | Found a faded altar of an unknown god.
   991 | D:2      | Found a stormy altar of Qazlal.
  1008 | D:2      | Identified the +5 quarterstaff "Vih Tuju" {venom, rElec rF+
                  | Int+5 Dex-2}
  1013 | D:2      | Noticed Robin
  1032 | D:2      | HP: 1/23 [hobgoblin[Robin] (4)]
  1032 | D:2      | Slain by a goblin

Illustrated notes

Levels and vault maps discovered:
D:1:      dpeg_arrival_rooms_a, layout_basic
D:2:      layout_basic, basic_altar, shapermc_ecumenical_altar_flowoftime,
          uniq_robin

Action                     || total
---------------------------++-------
  Melee: Falchion          ||    71
         Peck              ||    13
         Kick              ||    14
   Stab: Sleeping          ||     2
 Armour: Animal skin       ||    30
         Leather armour    ||    12
  Dodge: Dodged            ||    44
  Block: Other             ||    29
         Reflection        ||     2

Table legend: (Time is in decaauts)
 A = Elapsed time spent in this place.
 B = Non-inter-level travel time spent in this place.
 C = Inter-level travel time spent in this place.
 D = Time resting spent in this place.
 E = Time spent auto-exploring this place.
 F = Levels seen in this place.
 G = Mean time per level.
                   A        B        C        D        E       F      G
               +--------+--------+--------+--------+--------+-----+--------+
         Total |   1040 |   1030 |     10 |     52 |    784 |   2 |  520.0 |
       Dungeon |   1040 |   1030 |     10 |     52 |    784 |   2 |  520.0 |
               +--------+--------+--------+--------+--------+-----+--------+

Top non-repeatable levels by time:
     D:1: 887 daAuts
     D:2: 152 daAuts
